 Dungeon Crawl Stone Soup version 0.29.0-4-gdea44cf6ec (webtiles) character file.

Game seed: 1583357836603946727

237843 qw the Hoplite (level 18, -35/182 HPs)
             Began as a Minotaur Berserker on Sept 9, 2022.
             Was an Elder of Trog.
             Annihilated by a dire elephant (38 damage)
             ... on level 2 of the Vaults.
             The game lasted 00:15:36 (46657 turns).

qw the Hoplite (Minotaur Berserker)                Turns: 46657, Time: 00:15:36

Health: -35/182    AC: 40    Str: 34    XL:     18   Next: 98%
Magic:  15/15      EV: 15    Int:  4    God:    Trog [****..]
Gold:   127        SH: 25    Dex: 10    Spells: 17/17 levels left

rFire   + + .      SeeInvis +   v - +7 war axe of Fedhas's Grace {protect, rPois rF++ Str+5}
rCold   + . .      Faith    .   B - +0 tower shield
rNeg    . . .      Spirit   .   i - +5 plate armour
rPois   +          Reflect  +   (helmet restricted)
rElec   +          Harm     .   b - scarf {repulsion}
rCorr   .          Rampage  .   y - +2 pair of gloves
Will    ++...                   u - +2 pair of boots
Stlth   ..........              a - amulet of reflection
HPRegen 0.40/turn               t - +4 ring of evasion
MPRegen 0.14/turn               o - ring "Waekuaw" {rElec rC+ Will+ Dex-3 SInv}

@: about to teleport, marked, under a protective aura, on berserk cooldown,
slowed, repel missiles, very slow
A: horns 2, retaliatory headbutt, iridescent scales 1, thin skeletal structure
1, low MP 1
}: 1/15 runes: serpentine
a: Renounce Religion, Berserk, Trog's Hand, Brothers in Arms


You were on level 2 of the Vaults.
You worshipped Trog.
Trog was greatly pleased with you.
You visited 6 branches of the dungeon, and saw 33 of its levels.
You visited the Abyss 1 time.
You visited 2 bazaars.
You also visited: Sewer.

You collected 3572 gold pieces.
You spent 3445 gold pieces at shops.


Innate Abilities, Weirdness & Mutations

You have a pair of horns on your head.
You reflexively headbutt those who attack you in melee.
You are partially covered in iridescent scales. (AC +2)
You have a somewhat thin skeletal structure. (Dex +2, Stealth+)
Your magical capacity is low. (-10% MP)


   Skills:
 + Level 21.0 Fighting
 - Level 18.0 Axes
 - Level 9.0 Throwing
 - Level 19.0 Armour
 - Level 10.2 Dodging
 - Level 21.0 Shields


You had 17 spell levels left.
You didn't know any spells.
Your spell library was empty.

Inventory:

Hand Weapons
 v - the +7 war axe of Fedhas's Grace (weapon) {protect, rPois rF++ Str+5}
   (You found it on level 13 of the Dungeon)

   It grants its wielder temporary protection when it strikes (+7 to AC).
   Str:       It affects your strength (+5).
   rF:        It greatly protects you from fire.
   rPois:     It protects you from poison.
Missiles
 x - 11 boomerangs (quivered)
Armour
 b - a scarf of repulsion (worn)
 i - a +5 plate armour (worn)
 l - a +0 cloak
 r - +0 fire dragon scales
 u - a +2 pair of boots (worn)
 y - a +2 pair of gloves (worn)
 B - a +0 tower shield (worn)
Jewellery
 a - an amulet of reflection (around neck)
 c - a +4 ring of evasion
 g - a ring of fire
 o - the ring "Waekuaw" (right hand) {rElec rC+ Will+ Dex-3 SInv}
   (You bought it in a shop on level 4 of the Snake Pit)

   [ring of see invisible]

   Dex:       It affects your dexterity (-3).
   rC:        It protects you from cold.
   rElec:     It insulates you from electricity.
   SInv:      It lets you see invisible.
   Will:      It increases your willpower.
 s - a ring of fire
 t - a +4 ring of evasion (left hand)
Wands
 d - a wand of digging (6)
Scrolls
 f - 2 scrolls of enchant weapon
 k - 24 scrolls of identify
 q - 11 scrolls of teleportation
 w - a scroll of brand weapon
Potions
 e - 4 potions of resistance
 h - 12 potions of might
 j - 9 potions of mutation
 m - 9 potions of haste
 n - 4 potions of heal wounds
 p - 17 potions of curing
 z - 3 potions of cancellation

Dungeon Overview and Level Annotations

Branches:
Dungeon (15/15)            Temple (0/1) D:6            Lair (5/5) D:11
  Swamp (3/4) Lair:3        Snake (4/4) Lair:3        Slime (0/5) Lair:5
    Orc (2/2) D:11            Elf (0/3) Orc:2        Vaults (4/5) D:14
  Crypt (0/3) Vaults:3     Depths (0/4) D:15          Sewer (visited)

Altars:
Elyvilon
Fedhas
Kikubaaqudgha
Makhleb
Nemelex Xobeh
Okawaru
Qazlal
Yredelemnul
Jiyva

Shops:
D:5 !   D:10 :   D:12 [   Orc:2 *!!:   Snake:1 *:***   Snake:4 =:=   Vaults:4 [

Annotations:
D:7 2 transporters, qw's ghost, novice DsCA
Lair:4 1 runed translucent door, qw's ghost, journeyman MiFi
Snake:3 1 runed translucent door, qw's ghost, adept TrCA


Message History

Trog accepts your kill.
You slice the dire elephant!!
You kill the dire elephant!
Trog accepts your kill.
You hit the dire elephant. You hit the deep troll. You slash the deep troll!
Your ogre barely misses the deep troll.
The ironbound convoker points at the deep troll and mumbles some strange words.
The deep troll seems to grow stronger.
You block the dire elephant's attack. x2
You block the deep troll's attack. The deep troll completely misses you.
The deep troll claws you but does no damage.
The deep troll closely misses you. x2
The deep troll claws you but does no damage.
Your Armour skill increases to level 19!
You closely miss the deep troll.
The deep troll is heavily wounded.
You hit the deep troll. You slice the dire elephant!! You slash the deep troll!
Your ogre hits the deep troll with a +0 giant spiked club!!
You block the deep troll's attack. x3
The dire elephant tramples you but does no damage.
The dire elephant trunk-slaps you but does no damage.
The deep troll bites you!! The deep troll closely misses you.
The deep troll claws you. The deep troll bites you!!
The deep troll claws you but does no damage. x2
Your ogre misses the deep troll.
46657 ||| READING 12 scrolls of teleportation.
As you read the scroll of teleportation, it crumbles to dust.
You feel strangely unstable.
You block the ironbound convoker's attack.
You block the dire elephant's attack.
The dire elephant trunk-slaps you but does no damage.
You block the deep troll's attack.
The deep troll claws you but does no damage. x2
The deep troll closely misses you. The deep troll barely misses you.
The deep troll closely misses you.
The deep troll bites you but does no damage.
You block the deep troll's attack. The deep troll closely misses you.
Your ogre barely misses the deep troll.
The deep troll bites you!
The deep troll claws you but does no damage.
The deep troll claws you. The dire elephant tramples you!!!
You die...

##########
#........#
#........# ####
#........# .....
#....O.%.#......
#..TTp..[)......
#...@T...#......
#....Y...# .....
#####'#### ....
##.#.## ###
##^....##
#.......#
##.)>..##
#.......#
##.....##


You could see a dire elephant (strong), 3 deep trolls, an ironbound convoker and
a friendly ogre (summoned, berserk).

Vanquished Creatures
  2 bone dragons
  A profane servitor (Abyss:2)
  A tentacled monstrosity (Abyss:2)
  2 sphinxes (Vaults:1)
  2 tentacled starspawn (Abyss:2)
  Agnes (Snake:1)
  2 thorn hunters (Swamp:2)
  Donald (Swamp:1)
  A tengu reaver (Vaults:4)
  An azure jelly (D:15)
  2 nagarajas (Snake:4)
  5 vault wardens
  A fire giant (D:15)
  4 ghouls (Swamp:1)
  7 ironbound preservers
  2 very ugly things (Vaults:1)
  3 war gargoyles
  An ironbound thunderhulk (Vaults:4)
  Nessos (Lair:4)
  An eleionoma (Swamp:1)
  4 bunyips
  11 dire elephants
  Josephine (Lair:5)
  Snorg (Lair:4)
  A crystal guardian (Vaults:1)
  3 yaktaur captains
  2 great orbs of eyes
  7 vault guards
  Harold (Lair:2)
  A boulder beetle (Lair:2)
  5 ironbound frosthearts
  17 anacondas
  A ghost crab (Swamp:3)
  7 hydras
  4 salamander tyrants
  Erolcha (D:13)
  3 centaur warriors
  2 peacekeepers
  4 alligators
  A death knight (D:15)
  7 naga warriors
  A tengu warrior (D:15)
  3 two-headed ogres
  3 orc high priests (Orc:2)
  7 naga sharpshooters
  A death yak (Lair:5)
  7 shock serpents
  4 thrashing horrors
  A spectral death yak (Lair:5)
  A sun demon (Abyss:2)
  A deep elf knight (D:14)
  A wretched star (Abyss:2)
  7 salamander mystics
  2 goliath frogs
  6 spectral anacondas
  2 anaconda zombies (Snake:3)
  3 spriggan druids
  6 naga ritualists
  10 ironbound convokers
  A spatial maelstrom (Abyss:3)
  17 deep trolls
  2 phantasmal warriors
  4 lindwurms
  5 orc knights
  3 necromancers (Lair:5)
  5 wizards
  3 swamp dragons
  2 glowing orange brains (Vaults:1)
  2 deep elf pyromancers
  14 mana vipers
  3 anaconda skeletons (Snake:3)
  2 oklob plants (Lair:2)
  2 will-o-the-wisps
  8 orc sorcerers
  13 ugly things
  6 cyclopes
  16 salamanders
  4 manticores
  8 elephants
  4 vault sentinels
  6 guardian serpents (Snake:4)
  A torpor snail (Lair:5)
  43 black mambas
  A dire elephant zombie (Lair:5)
  A gargoyle (D:13)
  12 naga magi
  9 cane toads
  3 kobold demonologists
  4 freezing wraiths
  3 efreet
  10 komodo dragons
  4 rime drakes
  A dire elephant skeleton (Lair:5)
  A tengu conjurer (D:15)
  20 yaktaurs
  7 anaconda simulacra (Snake:3)
  3 polar bears
  An ancient zyme (Abyss:2)
  4 meliai
  4 trolls
  2 tyrant leeches (Swamp:1)
  6 hornets
  Prince Ribbit (D:9)
  19 blink frogs
  6 slime creatures
  2 shadows
  A centaur simulacrum (D:15)
  11 wraiths
  5 wyverns
  A vampire (D:12)
  7 spriggans
  A dire elephant simulacrum (Lair:5)
  3 fire bats (Abyss:2)
  66 yaks
  A steam dragon (D:11)
  14 vampire mosquitoes
  8 basilisks
  Menkaure (D:4)
  3 chaos spawn
  8 swamp worms
  40 nagas
  An acid dragon (D:7)
  14 water moccasins
  A swamp drake (Swamp:1)
  18 orc warriors
  3 sky beasts
  A black bear (D:5)
  An ogre (shapeshifter) (D:13)
  An elephant zombie (Lair:5)
  11 ogres
  7 wolves
  4 centaurs
  4 boggarts (Vaults:1)
  5 kobold brigands
  2 phantoms
  12 bullfrogs
  Blork the orc (D:6)
  3 scorpions
  A necrophage (D:6)
  A cane toad simulacrum (Lair:5)
  10 wights
  9 killer bees
  3 troll zombies (D:11)
  An elephant simulacrum (Lair:5)
  14 howler monkeys
  3 hounds
  3 jellies
  3 gnoll boudas
  18 orc priests
  5 iguanas
  Ijyb (D:4)
  A hell rat (Sewer)
  13 orc wizards
  4 ogre zombies (D:11)
  A boggart simulacrum (D:14)
  15 gnolls
  12 adders
  A river rat (Sewer)
  2 shadow imps (D:8)
  3 white imps
  2 ufetubi
  6 worms
  5 dart slugs
  60 orcs
  8 endoplasms
  2 giant cockroaches
  7 goblins
  13 hobgoblins
  2 quokkas
  4 ball pythons
  4 bats
  2 frilled lizards
  2 goblin skeletons (D:11)
  2 goblin zombies (D:11)
  3 hobgoblin skeletons (D:11)
  2 hobgoblin zombies (D:11)
  27 kobolds
  2 orc skeletons (D:11)
  13 orc zombies (D:11)
  13 rats
  3 starspawn tentacles (Abyss:2)
1054 creatures vanquished.

Vanquished Creatures (collateral kills)
  3 hydras
  An ironbound frostheart (Vaults:4)
  A naga sharpshooter (Snake:4)
  A salamander mystic (Snake:4)
  Lodul (D:11)
  A deep troll (Vaults:1)
  An obsidian statue (Lair:5)
  A lindwurm (Snake:4)
  2 oklob plants (Lair:2)
  A salamander (Snake:4)
  A yak (Lair:2)
  A two-headed ogre zombie (D:11)
  A water moccasin (Lair:2)
  A swamp drake (Swamp:1)
  2 wolves (Lair:2)
  An orc zombie (D:11)
  A withered plant (Lair:5)
21 creatures vanquished.

Vanquished Creatures (others)
  Aizul (Snake:2)
  A guardian serpent (Snake:1)
  A tengu conjurer (D:13)
  A naga (Snake:1)
  A kobold brigand (D:12)
  A briar patch (Swamp:2)
  12 foxfires
  44 fungi
  48 plants
  3 starspawn tentacles (Abyss:2)
  3 toadstools (Swamp:2)
  32 withered plants
148 creatures vanquished.

Grand Total: 1223 creatures vanquished

Notes
Turn   | Place    | Note
-------+----------+-------------------------------------------
     0 | D:1      | qw the Minotaur Berserker began the quest for the Orb.
     0 | D:1      | Reached XP level 1. HP: 19/19 MP: 0/0
     0 | D:1      | 0 ||| qw: Version: 0.1-a-113-g051387a
     0 | D:1      | 0 ||| qw: Game counter: 7262
     0 | D:1      | 0 ||| qw: Always use a shield: true
     0 | D:1      | 0 ||| qw: Do Orc after D:15 true
     0 | D:1      | 0 ||| qw: Do second Lair branch before Depths: true
     0 | D:1      | 0 ||| qw: Lair rune preference: random
     0 | D:1      | 0 ||| qw: Plans: Normal
     0 | D:1      | 0 ||| PLANNING D:1-11
   194 | D:1      | Found a faded altar of an unknown god.
   197 | D:1      | 197 ||| Stepping ~*~*~tactically~*~*~ (stealth).
   199 | D:1      | 199 ||| Stepping ~*~*~tactically~*~*~ (stealth).
   208 | D:1      | 208 ||| INVOKING Berserk.
   220 | D:1      | Reached XP level 2. HP: 15/26 MP: 1/1
   722 | D:1      | 722 ||| Stepping ~*~*~tactically~*~*~ (stealth).
   732 | D:1      | 732 ||| Stepping ~*~*~tactically~*~*~ (stealth).
   733 | D:1      | 733 ||| Stepping ~*~*~tactically~*~*~ (stealth).
   881 | D:1      | 881 ||| UPGRADING to +0 pair of boots.
   886 | D:1      | 886 ||| UPGRADING to +4 ring of evasion.
   887 | D:1      | 887 ||| READING scroll labelled OSHRIA GOSAYLUL.
   888 | D:1      | 888 ||| READING scroll labelled DULALY OBLAEF.
   889 | D:1      | 889 ||| Stepping randomly (stuck).
   890 | D:1      | 890 ||| Stepping ~*~*~tactically~*~*~ (cloud).
  1267 | D:2      | Reached ** piety under Trog
  1298 | D:2      | Reached XP level 3. HP: 31/31 MP: 2/2
  1475 | D:2      | 1475 ||| DROPPING +1 war axe of distortion.
  1760 | D:2      | Reached skill level 6 in Axes
  1760 | D:2      | Reached XP level 4. HP: 35/39 MP: 3/3
  2020 | D:2      | 2020 ||| UPGRADING to +0 scale mail.
  2030 | D:2      | 2030 ||| DROPPING +0 animal skin.
  2031 | D:2      | 2031 ||| READING 2 scrolls labelled OGGYCKIMA.
  2032 | D:2      | 2032 ||| READING scroll labelled QAKENT GOTAUVA.
  2035 | D:2      | 2035 ||| READING scroll labelled WUUTHIOTEI.
  2036 | D:2      | 2036 ||| DRINKING 2 glowing dark potions.
  2037 | D:2      | 2037 ||| DRINKING 2 white potions.
  2038 | D:2      | 2038 ||| DRINKING 2 pink potions.
  2038 | D:2      | Gained mutation: You are partially covered in iridescent
                  | scales. (AC +2) [potion of mutation]
  2038 | D:2      | Gained mutation: You have a somewhat thin skeletal
                  | structure. (Dex +2, Stealth+) [potion of mutation]
  2038 | D:2      | Gained mutation: Your magical capacity is low. (-10% MP)
                  | [potion of mutation]
  2039 | D:2      | 2039 ||| DROPPING potion of flight.
  2062 | D:3      | 2062 ||| PLANNING SEWER
  2085 | D:3      | Found a glowing drain.
  2100 | Sewer    | Entered a sewer
  2188 | Sewer    | 2188 ||| INVOKING Berserk.
  2188 | Sewer    | HP: 9/57 [hell rat (14)]
  2483 | Sewer    | 2483 ||| READING scroll labelled ETIONIXUAPN.
  2484 | Sewer    | 2484 ||| READING 2 scrolls of identify.
  2484 | Sewer    | 2484 ||| IDENTIFYING sedimented yellow potion
  2485 | Sewer    | 2485 ||| DROPPING potion of degeneration.
  2497 | D:3      | 2497 ||| PLANNING D:1-11
  2560 | D:3      | Reached XP level 5. HP: 44/45 MP: 3/3
  2936 | D:3      | 2936 ||| Stepping ~*~*~tactically~*~*~ (stealth).
  2989 | D:3      | 2989 ||| Stepping ~*~*~tactically~*~*~ (hiding).
  2992 | D:3      | 2992 ||| Stepping ~*~*~tactically~*~*~ (stealth).
  3003 | D:3      | 3003 ||| FLEEEEING.
  3006 | D:3      | 3006 ||| Stepping ~*~*~tactically~*~*~ (stealth).
  3018 | D:3      | 3018 ||| Stepping ~*~*~tactically~*~*~ (stealth).
  3062 | D:3      | 3062 ||| Stepping ~*~*~tactically~*~*~ (stealth).
  3090 | D:3      | 3090 ||| Stepping ~*~*~tactically~*~*~ (stealth).
  3097 | D:3      | Reached *** piety under Trog
  3179 | D:3      | 3179 ||| Stepping ~*~*~tactically~*~*~ (stealth).
  3181 | D:3      | 3181 ||| INVOKING Berserk.
  3182 | D:3      | Found an iron altar of Okawaru.
  3519 | D:3      | 3519 ||| UPGRADING to +6 ring of dexterity.
  3520 | D:3      | 3520 ||| READING scroll labelled ROARHI RAROMITRO.
  3521 | D:3      | 3521 ||| DRINKING 4 viscous red potions.
  3522 | D:3      | 3522 ||| DRINKING 2 green potions.
  3523 | D:3      | 3523 ||| DRINKING 2 metallic puce potions.
  3524 | D:3      | 3524 ||| DROPPING 3 potions of attraction.
  3568 | D:4      | 3568 ||| INVOKING Berserk.
  3570 | D:4      | Reached XP level 6. HP: 52/52 MP: 4/4
  3711 | D:4      | 3711 ||| Stepping ~*~*~tactically~*~*~ (hiding).
  3720 | D:4      | 3720 ||| Stepping ~*~*~tactically~*~*~ (stealth).
  3721 | D:4      | 3721 ||| Stepping ~*~*~tactically~*~*~ (stealth).
  3723 | D:4      | 3723 ||| Stepping ~*~*~tactically~*~*~ (hiding).
  3827 | D:4      | 3827 ||| Stepping ~*~*~tactically~*~*~ (hiding).
  3929 | D:4      | 3929 ||| Stepping ~*~*~tactically~*~*~ (hiding).
  3930 | D:4      | 3930 ||| Stepping ~*~*~tactically~*~*~ (hiding).
  3931 | D:4      | 3931 ||| Stepping ~*~*~tactically~*~*~ (hiding).
  3936 | D:4      | 3936 ||| INVOKING Berserk.
  4051 | D:4      | 4051 ||| Stepping ~*~*~tactically~*~*~ (stealth).
  4053 | D:4      | 4053 ||| Stepping ~*~*~tactically~*~*~ (stealth).
  4055 | D:4      | 4055 ||| Stepping ~*~*~tactically~*~*~ (stealth).
  4062 | D:4      | 4062 ||| Stepping ~*~*~tactically~*~*~ (stealth).
  4069 | D:4      | Reached skill level 9 in Axes
  4078 | D:4      | 4078 ||| DROPPING +0 whip.
  4118 | D:4      | 4118 ||| Stepping ~*~*~tactically~*~*~ (hiding).
  4120 | D:4      | 4120 ||| Stepping ~*~*~tactically~*~*~ (hiding).
  4236 | D:4      | Noticed Menkaure
  4238 | D:4      | 4238 ||| FLEEEEING.
  4239 | D:4      | 4239 ||| FLEEEEING.
  4240 | D:4      | 4240 ||| FLEEEEING.
  4254 | D:4      | 4254 ||| FLEEEEING.
  4255 | D:4      | 4255 ||| FLEEEEING.
  4260 | D:4      | 4260 ||| FLEEEEING.
  4262 | D:4      | 4262 ||| FLEEEEING.
  4263 | D:4      | 4263 ||| FLEEEEING.
  4264 | D:4      | 4264 ||| Stepping ~*~*~tactically~*~*~ (hiding).
  4265 | D:4      | 4265 ||| Stepping ~*~*~tactically~*~*~ (hiding).
  4268 | D:4      | 4268 ||| Stepping ~*~*~tactically~*~*~ (hiding).
  4270 | D:4      | 4270 ||| INVOKING Berserk.
  4273 | D:4      | Killed Menkaure
  4274 | D:4      | Reached XP level 7. HP: 41/61 MP: 5/5
  4299 | D:4      | 4299 ||| Stepping ~*~*~tactically~*~*~ (stealth).
  4573 | D:4      | 4573 ||| Stepping ~*~*~tactically~*~*~ (stealth).
  4574 | D:4      | 4574 ||| Stepping ~*~*~tactically~*~*~ (stealth).
  4669 | D:4      | Found a burning altar of Makhleb.
  4723 | D:4      | 4723 ||| Stepping ~*~*~tactically~*~*~ (stealth).
  4724 | D:4      | 4724 ||| Stepping ~*~*~tactically~*~*~ (stealth).
  4726 | D:4      | 4726 ||| Stepping ~*~*~tactically~*~*~ (stealth).
  4731 | D:4      | 4731 ||| Stepping ~*~*~tactically~*~*~ (hiding).
  4737 | D:4      | 4737 ||| INVOKING Berserk.
  4749 | D:4      | Reached skill level 3 in Dodging
  4899 | D:4      | 4899 ||| UPGRADING to +0 chain mail.
  4909 | D:4      | 4909 ||| DROPPING +0 scale mail.
  4910 | D:4      | 4910 ||| READING 2 scrolls labelled WECSAOCKAG.
  4911 | D:4      | 4911 ||| READING scroll of brand weapon.
  4911 | D:4      | 4911 ||| BRANDING +0 hand axe of venom.
  4912 | D:4      | 4912 ||| READING scroll labelled BYCKYN SIPSYE.
  4913 | D:4      | 4913 ||| READING 2 scrolls of identify.
  4913 | D:4      | 4913 ||| IDENTIFYING golden potion
  4914 | D:4      | 4914 ||| DROPPING potion of invisibility.
  4940 | D:5      | Entered Level 5 of the Dungeon
  4940 | D:5      | Noticed Ijyb
  4941 | D:5      | 4941 ||| STAIRDANCE
  4943 | D:4      | 4943 ||| INVOKING Berserk.
  4945 | D:4      | Killed Ijyb
  5065 | D:5      | 5065 ||| Stepping ~*~*~tactically~*~*~ (hiding).
  5068 | D:5      | 5068 ||| Stepping ~*~*~tactically~*~*~ (hiding).
  5232 | D:5      | Reached skill level 3 in Armour
  5269 | D:5      | Found Tamabum's Distillery.
  5276 | D:5      | 5276 ||| BUYING potion of curing (42 gold).
  5276 | D:5      | Bought a potion of curing for 42 gold pieces
  5276 | D:5      | 5276 ||| BUYING potion of curing (42 gold).
  5276 | D:5      | Bought a potion of curing for 42 gold pieces
  5276 | D:5      | 5276 ||| BUYING potion of haste (140 gold).
  5276 | D:5      | Bought a potion of haste for 140 gold pieces
  5276 | D:5      | 5276 ||| SHOPLISTING potion of mutation (112 gold, have 2).
  5276 | D:5      | 5276 ||| SHOPLISTING potion of resistance (140 gold, have
                  | 2).
  5349 | D:5      | 5349 ||| INVOKING Berserk.
  5492 | D:5      | 5492 ||| INVOKING Berserk.
  5593 | D:5      | Found a blossoming altar of Fedhas.
  5628 | D:5      | 5628 ||| Stepping ~*~*~tactically~*~*~ (stealth).
  5633 | D:5      | 5633 ||| Stepping ~*~*~tactically~*~*~ (stealth).
  5634 | D:5      | 5634 ||| Stepping ~*~*~tactically~*~*~ (stealth).
  5635 | D:5      | 5635 ||| Stepping ~*~*~tactically~*~*~ (stealth).
  5636 | D:5      | 5636 ||| Stepping ~*~*~tactically~*~*~ (stealth).
  5640 | D:5      | Reached XP level 8. HP: 68/69 MP: 6/6
  5728 | D:5      | Reached skill level 1 in Throwing
  5910 | D:5      | 5910 ||| READING scroll labelled UGIOLE SAEHY.
  5911 | D:5      | 5911 ||| DRINKING 2 orange potions.
  6016 | D:5      | 6016 ||| DRINKING 2 coppery potions.
  6046 | D:5      | 6046 ||| DROPPING potion of berserk rage.
  6047 | D:5      | 6047 ||| DROPPING potion of lignification.
  6157 | D:6      | 6157 ||| INVOKING Berserk.
  6159 | D:6      | Reached skill level 6 in Fighting
  6299 | D:6      | 6299 ||| Stepping ~*~*~tactically~*~*~ (stealth).
  6301 | D:6      | 6301 ||| Stepping ~*~*~tactically~*~*~ (stealth).
  6302 | D:6      | 6302 ||| Stepping ~*~*~tactically~*~*~ (stealth).
  6377 | D:6      | 6377 ||| INVOKING Berserk.
  6400 | D:6      | Noticed Blork the orc
  6401 | D:6      | 6401 ||| Stepping ~*~*~tactically~*~*~ (stealth).
  6402 | D:6      | 6402 ||| Stepping ~*~*~tactically~*~*~ (stealth).
  6403 | D:6      | 6403 ||| Stepping ~*~*~tactically~*~*~ (stealth).
  6407 | D:6      | 6407 ||| Stepping ~*~*~tactically~*~*~ (stealth).
  6414 | D:6      | Killed Blork the orc
  6453 | D:6      | Noticed a hornet
  6476 | D:6      | Killed a hornet
  6477 | D:6      | Reached skill level 3 in Throwing
  6625 | D:6      | 6625 ||| READING scroll of enchant armour.
  6625 | D:6      | 6625 ||| ENCHANTING +0 pair of boots.
  6725 | D:6      | 6725 ||| Stepping ~*~*~tactically~*~*~ (stealth).
  6947 | D:6      | 6947 ||| INVOKING Berserk.
  7082 | D:6      | 7082 ||| INVOKING Berserk.
  7085 | D:6      | Reached skill level 12 in Axes
  7085 | D:6      | Reached XP level 9. HP: 75/75 MP: 7/7
  7379 | D:6      | Found a staircase to the Ecumenical Temple.
  7383 | D:6      | 7383 ||| DROPPING +0 ring mail of cold resistance.
  7384 | D:6      | 7384 ||| READING scroll labelled LIYMUPPOZAO.
  7458 | D:7      | 7458 ||| Stepping ~*~*~tactically~*~*~ (stealth).
  7475 | D:7      | Reached **** piety under Trog
  7508 | D:7      | 7508 ||| FLEEEEING.
  7509 | D:7      | 7509 ||| FLEEEEING.
  7510 | D:7      | 7510 ||| FLEEEEING.
  7511 | D:7      | 7511 ||| FLEEEEING.
  7512 | D:7      | 7512 ||| FLEEEEING.
  7513 | D:7      | 7513 ||| FLEEEEING.
  7514 | D:7      | 7514 ||| FLEEEEING.
  7515 | D:7      | 7515 ||| FLEEEEING.
  7516 | D:7      | 7516 ||| FLEEEEING.
  7517 | D:7      | 7517 ||| FLEEEEING.
  7518 | D:7      | 7518 ||| FLEEEEING.
  7519 | D:7      | 7519 ||| FLEEEEING.
  7520 | D:7      | 7520 ||| FLEEEEING.
  7521 | D:7      | 7521 ||| FLEEEEING.
  7522 | D:7      | 7522 ||| FLEEEEING.
  7523 | D:7      | 7523 ||| FLEEEEING.
  7524 | D:7      | 7524 ||| FLEEEEING.
  7525 | D:7      | 7525 ||| STAIRDANCE
  7716 | D:7      | 7716 ||| STAIRDANCE
  7787 | D:7      | Found a transporter.
  7884 | D:7      | 7884 ||| FLEEEEING.
  7885 | D:7      | 7885 ||| FLEEEEING.
  7886 | D:7      | 7886 ||| FLEEEEING.
  7887 | D:7      | 7887 ||| FLEEEEING.
  7888 | D:7      | 7888 ||| FLEEEEING.
  7890 | D:7      | 7890 ||| FLEEEEING.
  7892 | D:7      | 7892 ||| Stepping ~*~*~tactically~*~*~ (hiding).
  7895 | D:7      | 7895 ||| INVOKING Berserk.
  8042 | D:7      | 8042 ||| INVOKING Berserk.
  8283 | D:7      | Found a transporter.
  8284 | D:7      | Identified the ring of Secrets {Fly EV+4 Dex+3 SInv}
  8287 | D:7      | Noticed qw's ghost (novice DsCA)
  8406 | D:7      | 8406 ||| SWAPPING to +0 war axe.
  8422 | D:7      | 8422 ||| DROPPING +1 vorpal hand axe.
  8538 | D:7      | 8538 ||| DROPPING +0 hand axe of electrocution.
  8564 | D:7      | 8564 ||| INVOKING Berserk.
  8693 | D:7      | 8693 ||| DROPPING orb of energy.
  8694 | D:7      | 8694 ||| UPGRADING to +2 pair of boots.
  8704 | D:7      | 8704 ||| DROPPING +1 pair of boots.
  8705 | D:7      | 8705 ||| READING scroll labelled GAZOTZ WIMOETO.
  8706 | D:7      | 8706 ||| READING 3 scrolls of identify.
  8706 | D:7      | 8706 ||| IDENTIFYING lumpy silvery potion
  8707 | D:7      | 8707 ||| READING 2 scrolls of identify.
  8707 | D:7      | 8707 ||| IDENTIFYING silvery potion
  8708 | D:7      | 8708 ||| DROPPING potion of brilliance.
  8803 | D:8      | 8803 ||| Stepping ~*~*~tactically~*~*~ (hiding).
  8904 | D:8      | 8904 ||| FLEEEEING.
  8906 | D:8      | 8906 ||| FLEEEEING.
  8911 | D:8      | 8911 ||| INVOKING Berserk.
  9083 | D:8      | 9083 ||| Stepping ~*~*~tactically~*~*~ (hiding).
  9087 | D:8      | 9087 ||| INVOKING Berserk.
  9220 | D:8      | 9220 ||| Stepping ~*~*~tactically~*~*~ (hiding).
  9398 | D:8      | Noticed a troll
  9403 | D:8      | 9403 ||| INVOKING Berserk.
  9404 | D:8      | Killed a troll
  9636 | D:8      | Found a white marble altar of Elyvilon.
  9647 | D:8      | Paralysed by a hornet for 3 turns
  9658 | D:8      | 9658 ||| INVOKING Berserk.
  9660 | D:8      | Reached XP level 10. HP: 55/88 MP: 8/8
  9929 | D:8      | 9929 ||| Stepping ~*~*~tactically~*~*~ (stealth).
  9933 | D:8      | 9933 ||| INVOKING Berserk.
 10051 | D:8      | Found a sparkling altar of Nemelex Xobeh.
 10063 | D:8      | 10063 ||| Stepping ~*~*~tactically~*~*~ (hiding).
 10335 | D:8      | 10335 ||| READING scroll labelled XES KOTINEER.
 10393 | D:9      | 10393 ||| INVOKING Berserk.
 10551 | D:9      | 10551 ||| DROPPING +0 flail.
 10585 | D:9      | 10585 ||| Stepping ~*~*~tactically~*~*~ (stealth).
 10597 | D:9      | Reached skill level 15 in Axes
 10800 | D:9      | 10800 ||| SWAPPING to +0 broad axe.
 10801 | D:9      | 10801 ||| DROPPING +0 war axe.
 10814 | D:9      | 10814 ||| FLEEEEING.
 10815 | D:9      | 10815 ||| FLEEEEING.
 10821 | D:9      | 10821 ||| FLEEEEING.
 10822 | D:9      | 10822 ||| FLEEEEING.
 10868 | D:9      | 10868 ||| DROPPING +0 morningstar.
 11071 | D:9      | 11071 ||| DRINKING 5 potions of curing.
 11071 | D:9      | 11071 ||| (to cure confusion)
 11168 | D:9      | Noticed Prince Ribbit
 11172 | D:9      | Killed Prince Ribbit
 11207 | D:9      | Reached skill level 9 in Fighting
 11233 | D:9      | 11233 ||| UPGRADING to +0 plate armour.
 11243 | D:9      | 11243 ||| DROPPING +0 chain mail.
 11244 | D:9      | 11244 ||| READING scroll of enchant armour.
 11244 | D:9      | 11244 ||| ENCHANTING +0 plate armour.
 11245 | D:9      | 11245 ||| READING scroll labelled BIGRAGGINT.
 11246 | D:9      | 11246 ||| DRINKING 2 red potions.
 11247 | D:9      | 11247 ||| READING 2 scrolls of identify.
 11247 | D:9      | 11247 ||| IDENTIFYING bubbling yellow potion
 11248 | D:9      | 11248 ||| DROPPING potion of magic.
 11289 | D:10     | Entered Level 10 of the Dungeon
 11289 | D:10     | Noticed a two-headed ogre
 11290 | D:10     | 11290 ||| INVOKING Berserk.
 11292 | D:10     | Killed a two-headed ogre
 11293 | D:10     | Reached skill level 6 in Armour
 11313 | D:10     | 11313 ||| STAIRDANCE
 11450 | D:10     | 11450 ||| Stepping ~*~*~tactically~*~*~ (stealth).
 11454 | D:10     | 11454 ||| Stepping ~*~*~tactically~*~*~ (stealth).
 11611 | D:10     | 11611 ||| INVOKING Berserk.
 12075 | D:10     | 12075 ||| Stepping ~*~*~tactically~*~*~ (stealth).
 12076 | D:10     | Found Ecamuyme's Book Shoppe.
 12305 | D:10     | 12305 ||| Stepping ~*~*~tactically~*~*~ (hiding).
 12306 | D:10     | 12306 ||| Stepping ~*~*~tactically~*~*~ (hiding).
 12307 | D:10     | 12307 ||| Stepping ~*~*~tactically~*~*~ (hiding).
 12310 | D:10     | 12310 ||| Stepping ~*~*~tactically~*~*~ (hiding).
 12311 | D:10     | 12311 ||| Stepping ~*~*~tactically~*~*~ (hiding).
 12468 | D:10     | 12468 ||| DROPPING orb of wrath.
 12516 | D:11     | Noticed a seven-headed hydra
 12516 | D:11     | 12516 ||| INVOKING Brothers in Arms.
 12519 | D:11     | 12519 ||| SWAPPING to +1 hand axe of flaming.
 12521 | D:11     | 12521 ||| INVOKING Berserk.
 12528 | D:11     | Killed a three-headed hydra
 12529 | D:11     | Reached XP level 11. HP: 97/97 MP: 8/8
 12560 | D:11     | 12560 ||| SWAPPING to +0 broad axe.
 12895 | D:11     | 12895 ||| INVOKING Berserk.
 13024 | D:11     | 13024 ||| INVOKING Berserk.
 13037 | D:11     | 13037 ||| Stepping ~*~*~tactically~*~*~ (stealth).
 13167 | D:11     | 13167 ||| Stepping ~*~*~tactically~*~*~ (stealth).
 13249 | D:11     | Noticed Lodul
 13250 | D:11     | Reached ***** piety under Trog
 13251 | D:11     | 13251 ||| INVOKING Brothers in Arms.
 13255 | D:11     | 13255 ||| INVOKING Berserk.
 13260 | D:11     | Found a staircase to the Orcish Mines.
 13265 | D:11     | Killed Lodul
 13811 | D:11     | 13811 ||| Stepping ~*~*~tactically~*~*~ (hiding).
 13855 | D:11     | 13855 ||| Stepping ~*~*~tactically~*~*~ (hiding).
 13866 | D:11     | 13866 ||| INVOKING Berserk.
 14013 | D:11     | Found a staircase to the Lair.
 14212 | D:11     | 14212 ||| PLANNING LAIR
 14298 | Lair:1   | Entered Level 1 of the Lair of Beasts
 14303 | Lair:1   | 14303 ||| INVOKING Berserk.
 14504 | Lair:1   | 14504 ||| Stepping ~*~*~tactically~*~*~ (stealth).
 14506 | Lair:1   | 14506 ||| Stepping ~*~*~tactically~*~*~ (stealth).
 14507 | Lair:1   | 14507 ||| INVOKING Berserk.
 14537 | Lair:1   | 14537 ||| Stepping ~*~*~tactically~*~*~ (stealth).
 14538 | Lair:1   | 14538 ||| Stepping ~*~*~tactically~*~*~ (stealth).
 14548 | Lair:1   | 14548 ||| Stepping ~*~*~tactically~*~*~ (stealth).
 14554 | Lair:1   | 14554 ||| INVOKING Berserk.
 15169 | Lair:1   | Reached skill level 18 in Axes
 15187 | Lair:1   | Reached XP level 12. HP: 102/106 MP: 9/9
 15499 | Lair:2   | Reached skill level 9 in Armour
 15503 | Lair:2   | 15503 ||| Stepping ~*~*~tactically~*~*~ (stealth).
 15506 | Lair:2   | 15506 ||| Stepping ~*~*~tactically~*~*~ (stealth).
 15604 | Lair:2   | 15604 ||| Stepping ~*~*~tactically~*~*~ (stealth).
 15606 | Lair:2   | 15606 ||| Stepping ~*~*~tactically~*~*~ (stealth).
 15609 | Lair:2   | 15609 ||| Stepping ~*~*~tactically~*~*~ (stealth).
 15611 | Lair:2   | 15611 ||| Stepping ~*~*~tactically~*~*~ (stealth).
 15612 | Lair:2   | 15612 ||| INVOKING Berserk.
 15617 | Lair:2   | Reached skill level 6 in Dodging
 15635 | Lair:2   | 15635 ||| INVOKING Brothers in Arms.
 15775 | Lair:2   | Noticed Harold
 15779 | Lair:2   | 15779 ||| INVOKING Berserk.
 15785 | Lair:2   | Killed Harold
 15786 | Lair:2   | Reached skill level 6 in Throwing
 15987 | Lair:2   | 15987 ||| READING scroll of enchant weapon.
 15987 | Lair:2   | 15987 ||| ENCHANTING +0 broad axe.
 16003 | Lair:2   | Noticed a boulder beetle
 16005 | Lair:2   | 16005 ||| Stepping ~*~*~tactically~*~*~ (stealth).
 16006 | Lair:2   | 16006 ||| Stepping ~*~*~tactically~*~*~ (stealth).
 16010 | Lair:2   | 16010 ||| INVOKING Berserk.
 16018 | Lair:2   | Killed a boulder beetle
 16216 | Lair:2   | 16216 ||| Stepping ~*~*~tactically~*~*~ (stealth).
 16438 | Lair:2   | 16438 ||| INVOKING Brothers in Arms.
 16439 | Lair:2   | 16439 ||| INVOKING Brothers in Arms.
 16442 | Lair:2   | 16442 ||| INVOKING Berserk.
 16449 | Lair:2   | Reached skill level 12 in Fighting
 16845 | Lair:2   | 16845 ||| INVOKING Berserk.
 16855 | Lair:2   | 16855 ||| Stepping ~*~*~tactically~*~*~ (stealth).
 16856 | Lair:2   | 16856 ||| Stepping ~*~*~tactically~*~*~ (stealth).
 16858 | Lair:2   | 16858 ||| Stepping ~*~*~tactically~*~*~ (stealth).
 16860 | Lair:2   | 16860 ||| Stepping ~*~*~tactically~*~*~ (stealth).
 16861 | Lair:2   | 16861 ||| Stepping ~*~*~tactically~*~*~ (stealth).
 16863 | Lair:2   | 16863 ||| Stepping ~*~*~tactically~*~*~ (hiding).
 16878 | Lair:2   | 16878 ||| INVOKING Berserk.
 17227 | Lair:2   | 17227 ||| UPGRADING to amulet of reflection.
 17319 | Lair:3   | 17319 ||| Stepping ~*~*~tactically~*~*~ (stealth).
 17334 | Lair:3   | Found a staircase to the Snake Pit.
 17377 | Lair:3   | 17377 ||| Stepping ~*~*~tactically~*~*~ (stealth).
 17378 | Lair:3   | 17378 ||| INVOKING Berserk.
 17491 | Lair:3   | 17491 ||| Stepping ~*~*~tactically~*~*~ (stealth).
 17495 | Lair:3   | 17495 ||| Stepping ~*~*~tactically~*~*~ (stealth).
 17496 | Lair:3   | 17496 ||| INVOKING Berserk.
 17505 | Lair:3   | Reached XP level 13. HP: 122/122 MP: 10/10
 17615 | Lair:3   | 17615 ||| Stepping ~*~*~tactically~*~*~ (hiding).
 17864 | Lair:3   | 17864 ||| INVOKING Brothers in Arms.
 17866 | Lair:3   | 17866 ||| SWAPPING to +1 hand axe of flaming.
 17867 | Lair:3   | 17867 ||| INVOKING Berserk.
 17896 | Lair:3   | 17896 ||| SWAPPING to +1 broad axe.
 17999 | Lair:3   | Found a staircase to the Swamp.
 18020 | Lair:3   | 18020 ||| Stepping ~*~*~tactically~*~*~ (stealth).
 18024 | Lair:3   | 18024 ||| INVOKING Berserk.
 18176 | Lair:3   | 18176 ||| READING scroll of enchant weapon.
 18176 | Lair:3   | 18176 ||| ENCHANTING +1 broad axe.
 18276 | Lair:3   | 18276 ||| INVOKING Berserk.
 18462 | Lair:3   | 18462 ||| INVOKING Berserk.
 18747 | Lair:3   | 18747 ||| INVOKING Berserk.
 19064 | Lair:3   | 19064 ||| READING scroll labelled YNOHAT VAITH.
 19064 | Lair:3   | Identified a scroll of acquirement
 19064 | Lair:3   | 19064 ||| ACQUIRING scarf of repulsion
 19064 | Lair:3   | Acquired a scarf of repulsion
 19066 | Lair:3   | 19066 ||| UPGRADING to scarf of repulsion.
 19106 | Lair:4   | 19106 ||| INVOKING Berserk.
 19113 | Lair:4   | 19113 ||| STAIRDANCE
 19289 | Lair:4   | 19289 ||| INVOKING Berserk.
 19413 | Lair:4   | 19413 ||| INVOKING Berserk.
 19433 | Lair:4   | 19433 ||| Stepping ~*~*~tactically~*~*~ (stealth).
 19581 | Lair:4   | 19581 ||| Stepping ~*~*~tactically~*~*~ (stealth).
 19590 | Lair:4   | 19590 ||| Stepping ~*~*~tactically~*~*~ (stealth).
 19739 | Lair:4   | 19739 ||| READING scroll of enchant weapon.
 19739 | Lair:4   | 19739 ||| ENCHANTING +2 broad axe.
 19749 | Lair:4   | Noticed Nessos
 19750 | Lair:4   | 19750 ||| Stepping ~*~*~tactically~*~*~ (hiding).
 19763 | Lair:4   | Killed Nessos
 19984 | Lair:4   | Noticed Snorg
 19988 | Lair:4   | 19988 ||| INVOKING Brothers in Arms.
 19989 | Lair:4   | 19989 ||| INVOKING Brothers in Arms.
 19990 | Lair:4   | 19990 ||| INVOKING Brothers in Arms.
 19991 | Lair:4   | 19991 ||| INVOKING Brothers in Arms.
 19992 | Lair:4   | 19992 ||| INVOKING Brothers in Arms.
 19993 | Lair:4   | 19993 ||| SWAPPING to +1 hand axe of flaming.
 19994 | Lair:4   | 19994 ||| INVOKING Berserk.
 19999 | Lair:4   | Killed Snorg
 20005 | Lair:4   | Reached skill level 12 in Armour
 20288 | Lair:4   | 20288 ||| SWAPPING to +3 broad axe.
 20336 | Lair:4   | Found a runed translucent door.
 20337 | Lair:4   | Noticed qw's ghost (journeyman MiFi)
 20464 | Lair:4   | You fall into a shaft and drop 1 floor!
 20464 | Lair:5   | Entered Level 5 of the Lair of Beasts
 20466 | Lair:5   | 20466 ||| Stepping ~*~*~tactically~*~*~ (stealth).
 20467 | Lair:5   | 20467 ||| Stepping ~*~*~tactically~*~*~ (stealth).
 20476 | Lair:5   | 20476 ||| Stepping ~*~*~tactically~*~*~ (stealth).
 20477 | Lair:5   | 20477 ||| INVOKING Berserk.
 20495 | Lair:5   | 20495 ||| SWAPPING to +1 hand axe of flaming.
 20496 | Lair:5   | 20496 ||| SWAPPING to +3 broad axe.
 20498 | Lair:5   | 20498 ||| SWAPPING to +1 hand axe of flaming.
 20502 | Lair:5   | Reached skill level 9 in Dodging
 20505 | Lair:5   | 20505 ||| SWAPPING to +3 broad axe.
 20547 | Lair:5   | 20547 ||| Stepping ~*~*~tactically~*~*~ (stealth).
 20789 | Lair:4   | 20789 ||| Stepping ~*~*~tactically~*~*~ (stealth).
 20820 | Lair:4   | 20820 ||| INVOKING Brothers in Arms.
 20821 | Lair:4   | 20821 ||| SWAPPING to +1 hand axe of flaming.
 20824 | Lair:4   | 20824 ||| SWAPPING to +3 broad axe.
 20997 | Lair:5   | 20997 ||| STAIRDANCE
 21005 | Lair:4   | Reached skill level 15 in Fighting
 21166 | Lair:5   | 21166 ||| STAIRDANCE
 21168 | Lair:4   | 21168 ||| SWAPPING to +1 hand axe of flaming.
 21169 | Lair:4   | 21169 ||| INVOKING Berserk.
 21259 | Lair:4   | 21259 ||| SWAPPING to +3 broad axe.
 21300 | Lair:5   | 21300 ||| INVOKING Berserk.
 21353 | Lair:5   | 21353 ||| INVOKING Berserk.
 21451 | Lair:5   | 21451 ||| SWAPPING to +1 hand axe of flaming.
 21453 | Lair:5   | 21453 ||| INVOKING Berserk.
 21460 | Lair:5   | 21460 ||| SWAPPING to +3 broad axe.
 21567 | Lair:5   | 21567 ||| Stepping ~*~*~tactically~*~*~ (hiding).
 21766 | Lair:5   | Reached XP level 14. HP: 135/135 MP: 11/11
 21817 | Lair:5   | 21817 ||| Stepping ~*~*~tactically~*~*~ (stealth).
 21818 | Lair:5   | 21818 ||| Stepping ~*~*~tactically~*~*~ (stealth).
 21819 | Lair:5   | 21819 ||| Stepping ~*~*~tactically~*~*~ (stealth).
 21820 | Lair:5   | 21820 ||| Stepping ~*~*~tactically~*~*~ (stealth).
 21952 | Lair:5   | 21952 ||| READING scroll of enchant weapon.
 21952 | Lair:5   | 21952 ||| ENCHANTING +3 broad axe.
 21962 | Lair:5   | Noticed Josephine
 21974 | Lair:5   | Killed Josephine
 22079 | Lair:5   | 22079 ||| Stepping ~*~*~tactically~*~*~ (stealth).
 22081 | Lair:5   | 22081 ||| Stepping ~*~*~tactically~*~*~ (hiding).
 22171 | Lair:5   | Found a viscous altar of Jiyva.
 22172 | Lair:5   | Found a staircase to the Slime Pits.
 22456 | Lair:5   | 22456 ||| Stepping ~*~*~tactically~*~*~ (stealth).
 22663 | Lair:5   | 22663 ||| INVOKING Berserk.
 22684 | Lair:5   | 22684 ||| Stepping ~*~*~tactically~*~*~ (stealth).
 22687 | Lair:5   | 22687 ||| Stepping ~*~*~tactically~*~*~ (stealth).
 22688 | Lair:5   | 22688 ||| Stepping ~*~*~tactically~*~*~ (stealth).
 22757 | Lair:5   | 22757 ||| Stepping ~*~*~tactically~*~*~ (stealth).
 22759 | Lair:5   | 22759 ||| Stepping ~*~*~tactically~*~*~ (stealth).
 22768 | Lair:5   | 22768 ||| INVOKING Brothers in Arms.
 22776 | Lair:5   | 22776 ||| INVOKING Berserk.
 22909 | Lair:5   | 22909 ||| Stepping ~*~*~tactically~*~*~ (hiding).
 22910 | Lair:5   | 22910 ||| Stepping ~*~*~tactically~*~*~ (hiding).
 23000 | Lair:5   | 23000 ||| INVOKING Berserk.
 23425 | Lair:5   | 23425 ||| PLANNING D
 23622 | D:12     | 23622 ||| FLEEEEING.
 23623 | D:12     | 23623 ||| FLEEEEING.
 23624 | D:12     | 23624 ||| STAIRDANCE
 23747 | D:12     | 23747 ||| FLEEEEING.
 23748 | D:12     | 23748 ||| FLEEEEING.
 23749 | D:12     | 23749 ||| FLEEEEING.
 23756 | D:12     | 23756 ||| FLEEEEING.
 23757 | D:12     | 23757 ||| FLEEEEING.
 23758 | D:12     | 23758 ||| FLEEEEING.
 23759 | D:12     | 23759 ||| STAIRDANCE
 23863 | D:12     | 23863 ||| STAIRDANCE
 23872 | D:12     | 23872 ||| STAIRDANCE
 23880 | D:12     | 23880 ||| STAIRDANCE
 23890 | D:12     | 23890 ||| Stepping ~*~*~tactically~*~*~ (stealth).
 23891 | D:12     | 23891 ||| Stepping ~*~*~tactically~*~*~ (stealth).
 23985 | D:12     | 23985 ||| Stepping ~*~*~tactically~*~*~ (stealth).
 24112 | D:12     | 24112 ||| Stepping ~*~*~tactically~*~*~ (hiding).
 24225 | D:12     | You fall into a shaft and drop 3 floors!
 24225 | D:15     | Entered Level 15 of the Dungeon
 24248 | D:15     | 24248 ||| Stepping ~*~*~tactically~*~*~ (hiding).
 24250 | D:15     | 24250 ||| Stepping ~*~*~tactically~*~*~ (hiding).
 24325 | D:15     | 24325 ||| Stepping ~*~*~tactically~*~*~ (stealth).
 24327 | D:15     | 24327 ||| Stepping ~*~*~tactically~*~*~ (stealth).
 24330 | D:15     | 24330 ||| Stepping ~*~*~tactically~*~*~ (hiding).
 24334 | D:15     | 24334 ||| INVOKING Berserk.
 24402 | D:15     | 24402 ||| INVOKING Berserk.
 24411 | D:15     | 24411 ||| INVOKING Brothers in Arms.
 24412 | D:15     | 24412 ||| SWAPPING to +1 hand axe of flaming.
 24417 | D:15     | 24417 ||| SWAPPING to +4 broad axe.
 24745 | D:15     | 24745 ||| Stepping ~*~*~tactically~*~*~ (stealth).
 24773 | D:15     | 24773 ||| INVOKING Berserk.
 24799 | D:15     | 24799 ||| Stepping ~*~*~tactically~*~*~ (stealth).
 25048 | D:15     | 25048 ||| UPGRADING to +0 kite shield.
 25094 | D:13     | 25094 ||| Stepping ~*~*~tactically~*~*~ (stealth).
 25204 | D:12     | Reached skill level 1 in Shields
 25220 | D:12     | Reached skill level 3 in Shields
 25640 | D:12     | Found Winkelried's Dragon-Slaying Spoils.
 25648 | D:12     | 25648 ||| BUYING +0 fire dragon scales (900 gold).
 25648 | D:12     | Bought +0 fire dragon scales for 900 gold pieces
 25648 | D:12     | 25648 ||| SHOPLISTING +0 pearl dragon scales (1500 gold,
                  | have 479).
 25648 | D:12     | 25648 ||| SHOPLISTING +0 shadow dragon scales (1200 gold,
                  | have 479).
 25648 | D:12     | 25648 ||| SHOPLISTING +0 storm dragon scales (1200 gold,
                  | have 479).
 25648 | D:12     | 25648 ||| SHOPLISTING +2 gold dragon scales (1380 gold,
                  | have 479).
 25648 | D:12     | 25648 ||| SHOPLISTING +2 ice dragon scales (1080 gold, have
                  | 479).
 25718 | D:13     | Identified the +7 war axe of Fedhas's Grace {protect, rPois
                  | rF++ Str+5}
 25720 | D:13     | 25720 ||| SWAPPING to +7 war axe of Fedhas's Grace
                  | {protect, rPois rF++ Str+5}.
 25721 | D:13     | 25721 ||| DROPPING +4 broad axe.
 25830 | D:13     | 25830 ||| Stepping ~*~*~tactically~*~*~ (hiding).
 26021 | D:13     | 26021 ||| Stepping ~*~*~tactically~*~*~ (hiding).
 26206 | D:13     | Noticed Erolcha
 26207 | D:13     | 26207 ||| Stepping ~*~*~tactically~*~*~ (hiding).
 26209 | D:13     | 26209 ||| INVOKING Trog's Hand.
 26210 | D:13     | 26210 ||| INVOKING Berserk.
 26214 | D:13     | 26214 ||| Stepping ~*~*~tactically~*~*~ (hiding).
 26220 | D:13     | Killed Erolcha
 26722 | D:14     | 26722 ||| Stepping ~*~*~tactically~*~*~ (stealth).
 26834 | D:14     | 26834 ||| Stepping ~*~*~tactically~*~*~ (hiding).
 26889 | D:14     | Reached skill level 6 in Shields
 26913 | D:14     | Identified the +0 short sword of Pas Gueg {speed, rF+ rN++}
 26916 | D:14     | Found a stormy altar of Qazlal.
 27012 | D:14     | Found a gate to the Vaults.
 27013 | D:14     | 27013 ||| INVOKING Trog's Hand.
 27014 | D:14     | 27014 ||| INVOKING Brothers in Arms.
 27015 | D:14     | 27015 ||| INVOKING Brothers in Arms.
 27016 | D:14     | 27016 ||| INVOKING Brothers in Arms.
 27017 | D:14     | 27017 ||| INVOKING Brothers in Arms.
 27018 | D:14     | 27018 ||| INVOKING Brothers in Arms.
 27019 | D:14     | 27019 ||| INVOKING Brothers in Arms.
 27020 | D:14     | 27020 ||| INVOKING Brothers in Arms.
 27021 | D:14     | 27021 ||| INVOKING Brothers in Arms.
 27022 | D:14     | 27022 ||| SWAPPING to +1 hand axe of flaming.
 27023 | D:14     | 27023 ||| INVOKING Berserk.
 27039 | D:14     | Reached XP level 15. HP: 139/147 MP: 12/12
 27048 | D:14     | 27048 ||| SWAPPING to +7 war axe of Fedhas's Grace
                  | {protect, rPois rF++ Str+5}.
 27051 | D:14     | 27051 ||| INVOKING Trog's Hand.
 27051 | D:14     | HP: 31/147 [vault guard/+0 war axe (18)]
 27052 | D:14     | 27052 ||| READING 10 scrolls of teleportation.
 27053 | D:14     | 27053 ||| DRINKING 7 potions of heal wounds.
 27240 | D:14     | 27240 ||| Stepping ~*~*~tactically~*~*~ (stealth).
 27243 | D:14     | 27243 ||| Stepping ~*~*~tactically~*~*~ (stealth).
 27244 | D:14     | 27244 ||| INVOKING Trog's Hand.
 27622 | D:15     | Found a staircase to the Depths.
 27622 | D:15     | Noticed a fire giant
 27638 | D:15     | Killed a fire giant
 27639 | D:15     | Reached skill level 9 in Shields
 27901 | D:15     | 27901 ||| Stepping ~*~*~tactically~*~*~ (stealth).
 27902 | D:15     | 27902 ||| Stepping ~*~*~tactically~*~*~ (stealth).
 27904 | D:15     | Noticed an azure jelly
 27905 | D:15     | 27905 ||| INVOKING Berserk.
 27909 | D:15     | Killed an azure jelly
 28248 | D:15     | 28248 ||| DROPPING ring of flight.
 28270 | D:14     | 28270 ||| PLANNING ORC
 28374 | Orc:1    | Entered Level 1 of the Orcish Mines
 28379 | Orc:1    | 28379 ||| Stepping ~*~*~tactically~*~*~ (stealth).
 28381 | Orc:1    | 28381 ||| Stepping ~*~*~tactically~*~*~ (hiding).
 28382 | Orc:1    | 28382 ||| Stepping ~*~*~tactically~*~*~ (stealth).
 28387 | Orc:1    | 28387 ||| Stepping ~*~*~tactically~*~*~ (hiding).
 28523 | Orc:1    | 28523 ||| Stepping ~*~*~tactically~*~*~ (hiding).
 28528 | Orc:1    | 28528 ||| INVOKING Trog's Hand.
 28529 | Orc:1    | 28529 ||| INVOKING Berserk.
 28683 | Orc:1    | 28683 ||| Stepping ~*~*~tactically~*~*~ (hiding).
 28693 | Orc:1    | 28693 ||| Stepping ~*~*~tactically~*~*~ (stealth).
 28695 | Orc:1    | 28695 ||| Stepping ~*~*~tactically~*~*~ (stealth).
 28752 | Orc:1    | 28752 ||| INVOKING Trog's Hand.
 28755 | Orc:1    | You fall into a shaft and drop 1 floor!
 28755 | Orc:2    | Entered Level 2 of the Orcish Mines
 28811 | Orc:2    | 28811 ||| INVOKING Berserk.
 28863 | Orc:2    | 28863 ||| Stepping ~*~*~tactically~*~*~ (stealth).
 28966 | Orc:2    | 28966 ||| FLEEEEING.
 28969 | Orc:2    | 28969 ||| FLEEEEING.
 28970 | Orc:2    | 28970 ||| FLEEEEING.
 28971 | Orc:2    | 28971 ||| FLEEEEING.
 28972 | Orc:2    | 28972 ||| STAIRDANCE
 28973 | Orc:2    | 28973 ||| Stepping ~*~*~tactically~*~*~ (hiding).
 28979 | Orc:2    | 28979 ||| FLEEEEING.
 28980 | Orc:2    | 28980 ||| FLEEEEING.
 28981 | Orc:2    | 28981 ||| FLEEEEING.
 28982 | Orc:2    | 28982 ||| FLEEEEING.
 28983 | Orc:2    | 28983 ||| STAIRDANCE
 29055 | Orc:1    | 29055 ||| Stepping ~*~*~tactically~*~*~ (hiding).
 29192 | Orc:1    | 29192 ||| INVOKING Trog's Hand.
 29195 | Orc:1    | 29195 ||| INVOKING Berserk.
 29495 | Orc:2    | 29495 ||| DRINKING 13 potions of curing.
 29495 | Orc:2    | 29495 ||| (to cure confusion)
 29601 | Orc:2    | 29601 ||| Stepping ~*~*~tactically~*~*~ (hiding).
 29602 | Orc:2    | 29602 ||| INVOKING Trog's Hand.
 29603 | Orc:2    | 29603 ||| INVOKING Berserk.
 29736 | Orc:2    | 29736 ||| INVOKING Trog's Hand.
 29739 | Orc:2    | 29739 ||| INVOKING Berserk.
 29870 | Orc:2    | 29870 ||| Stepping ~*~*~tactically~*~*~ (hiding).
 29871 | Orc:2    | 29871 ||| INVOKING Trog's Hand.
 29873 | Orc:2    | 29873 ||| INVOKING Berserk.
 29994 | Orc:2    | 29994 ||| Stepping ~*~*~tactically~*~*~ (stealth).
 30189 | Orc:2    | Found a staircase to the Elven Halls.
 30276 | Orc:2    | 30276 ||| Stepping ~*~*~tactically~*~*~ (hiding).
 30280 | Orc:2    | 30280 ||| INVOKING Trog's Hand.
 30282 | Orc:2    | 30282 ||| INVOKING Berserk.
 30310 | Orc:2    | HP: 41/220 [orc high priest/+0 glaive (20)]
 30312 | Orc:2    | 30312 ||| READING 9 scrolls of teleportation.
 30313 | Orc:2    | 30313 ||| DRINKING 6 potions of heal wounds.
 30585 | Orc:2    | 30585 ||| Stepping ~*~*~tactically~*~*~ (stealth).
 30586 | Orc:2    | 30586 ||| Stepping ~*~*~tactically~*~*~ (stealth).
 30589 | Orc:2    | 30589 ||| Stepping ~*~*~tactically~*~*~ (hiding).
 30590 | Orc:2    | 30590 ||| Stepping ~*~*~tactically~*~*~ (hiding).
 30591 | Orc:2    | 30591 ||| Stepping ~*~*~tactically~*~*~ (hiding).
 30592 | Orc:2    | 30592 ||| Stepping ~*~*~tactically~*~*~ (hiding).
 30593 | Orc:2    | 30593 ||| INVOKING Berserk.
 30707 | Orc:2    | 30707 ||| Stepping ~*~*~tactically~*~*~ (hiding).
 30709 | Orc:2    | 30709 ||| Stepping ~*~*~tactically~*~*~ (hiding).
 30712 | Orc:2    | 30712 ||| INVOKING Berserk.
 30730 | Orc:2    | 30730 ||| Stepping ~*~*~tactically~*~*~ (stealth).
 30837 | Orc:2    | 30837 ||| INVOKING Trog's Hand.
 30838 | Orc:2    | Found Qyreag's Distillery.
 30838 | Orc:2    | Found Ysuti's Book Boutique.
 30840 | Orc:2    | Found Calyxur's General Store.
 30840 | Orc:2    | Found Suixunoz's Distillery.
 30841 | Orc:2    | 30841 ||| INVOKING Berserk.
 30958 | Orc:2    | 30958 ||| BUYING potion of haste (100 gold).
 30958 | Orc:2    | Bought a potion of haste for 100 gold pieces
 30958 | Orc:2    | 30958 ||| BUYING potion of mutation (80 gold).
 30958 | Orc:2    | Bought a potion of mutation for 80 gold pieces
 30958 | Orc:2    | 30958 ||| BUYING potion of resistance (100 gold).
 30958 | Orc:2    | Bought a potion of resistance for 100 gold pieces
 30960 | Orc:2    | 30960 ||| BUYING potion of cancellation (96 gold).
 30960 | Orc:2    | Bought a potion of cancellation for 96 gold pieces
 30961 | Orc:2    | 30961 ||| BUYING potion of cancellation (112 gold).
 30961 | Orc:2    | Bought a potion of cancellation for 112 gold pieces
 30961 | Orc:2    | 30961 ||| BUYING potion of heal wounds (70 gold).
 30961 | Orc:2    | Bought a potion of heal wounds for 70 gold pieces
 30961 | Orc:2    | 30961 ||| BUYING potion of might (56 gold).
 30961 | Orc:2    | Bought a potion of might for 56 gold pieces
 30961 | Orc:2    | 30961 ||| BUYING potion of mutation (112 gold).
 30961 | Orc:2    | Bought a potion of mutation for 112 gold pieces
 31039 | Orc:2    | 31039 ||| PLANNING SNAKE:1-3
 31208 | Snake:1  | Entered Level 1 of the Snake Pit
 31209 | Snake:1  | 31209 ||| PLANNING BAZAAR
 31220 | Snake:1  | Reached skill level 12 in Shields
 31256 | Snake:1  | 31256 ||| Stepping ~*~*~tactically~*~*~ (stealth).
 31258 | Snake:1  | 31258 ||| Stepping ~*~*~tactically~*~*~ (stealth).
 31259 | Snake:1  | 31259 ||| Stepping ~*~*~tactically~*~*~ (stealth).
 31285 | Snake:1  | 31285 ||| INVOKING Berserk.
 31330 | Snake:1  | 31330 ||| Stepping ~*~*~tactically~*~*~ (hiding).
 31331 | Snake:1  | 31331 ||| Stepping ~*~*~tactically~*~*~ (stealth).
 31344 | Snake:1  | 31344 ||| INVOKING Berserk.
 31618 | Snake:1  | 31618 ||| Stepping ~*~*~tactically~*~*~ (hiding).
 31620 | Snake:1  | 31620 ||| INVOKING Berserk.
 32008 | Snake:1  | Found Iroufogh's Gadget Gallery.
 32019 | Snake:1  | 32019 ||| BUYING wand of digging (6) (453 gold).
 32019 | Snake:1  | Bought a wand of digging (6) for 453 gold pieces
 32046 | Snake:1  | 32046 ||| Stepping ~*~*~tactically~*~*~ (hiding).
 32047 | Snake:1  | 32047 ||| Stepping ~*~*~tactically~*~*~ (hiding).
 32050 | Snake:1  | 32050 ||| Stepping ~*~*~tactically~*~*~ (hiding).
 32208 | Snake:1  | 32208 ||| Stepping ~*~*~tactically~*~*~ (stealth).
 32211 | Snake:1  | 32211 ||| Stepping ~*~*~tactically~*~*~ (stealth).
 32292 | Snake:1  | 32292 ||| Stepping ~*~*~tactically~*~*~ (stealth).
 32297 | Snake:1  | 32297 ||| Stepping ~*~*~tactically~*~*~ (hiding).
 32326 | Snake:1  | Found Cobulah's General Store.
 32328 | Snake:1  | Found Tariph's Assorted Antiques.
 32328 | Snake:1  | Found Sumys's Book Emporium.
 32333 | Snake:1  | 32333 ||| BUYING potion of curing (54 gold).
 32333 | Snake:1  | Bought a potion of curing for 54 gold pieces
 32333 | Snake:1  | 32333 ||| BUYING potion of haste (180 gold).
 32333 | Snake:1  | Bought a potion of haste for 180 gold pieces
 32333 | Snake:1  | 32333 ||| SHOPLISTING scroll of teleportation (54 gold,
                  | have 49).
 32333 | Snake:1  | Found Cups's General Store.
 32336 | Snake:1  | 32336 ||| SHOPLISTING glowing jade amulet (135 gold, have
                  | 49).
 32542 | Snake:1  | 32542 ||| Stepping ~*~*~tactically~*~*~ (hiding).
 32546 | Snake:1  | 32546 ||| Stepping ~*~*~tactically~*~*~ (hiding).
 32553 | Snake:1  | Reached skill level 15 in Shields
 32553 | Snake:1  | 32553 ||| Stepping ~*~*~tactically~*~*~ (hiding).
 32706 | Snake:1  | Found a flickering gateway to a bazaar.
 32707 | Snake:1  | 32707 ||| RIP BAZAAR
 32707 | Snake:1  | 32707 ||| PLANNING SNAKE:1-3
 32744 | Snake:1  | Noticed Agnes
 32745 | Snake:1  | 32745 ||| Stepping ~*~*~tactically~*~*~ (stealth).
 32747 | Snake:1  | 32747 ||| INVOKING Berserk.
 32756 | Snake:1  | Killed Agnes
 32769 | Snake:1  | Reached XP level 16. HP: 150/155 MP: 13/13
 32988 | Snake:1  | 32988 ||| UPGRADING to +2 pair of gloves.
 32993 | Snake:1  | 32993 ||| UPGRADING to +0 tower shield.
 33003 | Snake:1  | 33003 ||| DROPPING +0 kite shield.
 33004 | Snake:1  | 33004 ||| DROPPING amulet of faith.
 33022 | Snake:2  | 33022 ||| READING 10 scrolls of teleportation.
 33023 | Snake:2  | 33023 ||| STAIRDANCE
 33056 | Snake:2  | 33056 ||| STAIRDANCE
 33066 | Snake:2  | 33066 ||| Stepping ~*~*~tactically~*~*~ (hiding).
 33067 | Snake:2  | 33067 ||| Stepping ~*~*~tactically~*~*~ (hiding).
 33174 | Snake:2  | 33174 ||| Stepping ~*~*~tactically~*~*~ (hiding).
 33177 | Snake:2  | 33177 ||| INVOKING Berserk.
 33385 | Snake:2  | 33385 ||| Stepping ~*~*~tactically~*~*~ (hiding).
 33386 | Snake:2  | 33386 ||| Stepping ~*~*~tactically~*~*~ (hiding).
 33537 | Snake:2  | 33537 ||| INVOKING Berserk.
 33555 | Snake:2  | 33555 ||| Stepping ~*~*~tactically~*~*~ (stealth).
 33657 | Snake:2  | 33657 ||| Stepping ~*~*~tactically~*~*~ (hiding).
 33957 | Snake:2  | Noticed Aizul
 33958 | Snake:2  | 33958 ||| Stepping ~*~*~tactically~*~*~ (stealth).
 33963 | Snake:2  | 33963 ||| INVOKING Trog's Hand.
 33965 | Snake:2  | 33965 ||| INVOKING Berserk.
 33975 | Snake:2  | Killed Aizul
 34360 | Snake:3  | 34360 ||| Stepping ~*~*~tactically~*~*~ (hiding).
 34369 | Snake:3  | 34369 ||| INVOKING Berserk.
 34588 | Snake:3  | 34588 ||| Stepping ~*~*~tactically~*~*~ (hiding).
 34653 | Snake:3  | 34653 ||| Stepping ~*~*~tactically~*~*~ (hiding).
 34808 | Snake:3  | Noticed qw's ghost (adept TrCA)
 34809 | Snake:3  | Found a runed translucent door.
 34820 | Snake:3  | 34820 ||| Stepping ~*~*~tactically~*~*~ (hiding).
 34931 | Snake:3  | 34931 ||| Stepping ~*~*~tactically~*~*~ (hiding).
 35415 | Snake:3  | Reached skill level 18 in Shields
 35844 | Snake:3  | 35844 ||| PLANNING SWAMP:1-3
 35844 | Snake:3  | 35844 ||| UPGRADING to +4 ring of evasion.
 35846 | Snake:3  | 35846 ||| DROPPING ring of ice.
 35847 | Snake:3  | 35847 ||| DROPPING +6 ring of dexterity.
 35848 | Snake:3  | 35848 ||| DRINKING 2 murky purple potions.
 35949 | Snake:3  | 35949 ||| DROPPING potion of ambrosia.
 36008 | Swamp:1  | Entered Level 1 of the Swamp
 36011 | Swamp:1  | 36011 ||| Stepping ~*~*~tactically~*~*~ (water).
 36040 | Swamp:1  | 36040 ||| Stepping ~*~*~tactically~*~*~ (water).
 36083 | Swamp:1  | 36083 ||| INVOKING Berserk.
 36189 | Swamp:1  | 36189 ||| Stepping ~*~*~tactically~*~*~ (stealth).
 36191 | Swamp:1  | 36191 ||| Stepping ~*~*~tactically~*~*~ (stealth).
 36223 | Swamp:1  | 36223 ||| INVOKING Berserk.
 36252 | Swamp:1  | 36252 ||| INVOKING Brothers in Arms.
 36533 | Swamp:1  | 36533 ||| READING scroll of enchant armour.
 36533 | Swamp:1  | 36533 ||| ENCHANTING +1 plate armour.
 36548 | Swamp:1  | 36548 ||| Stepping ~*~*~tactically~*~*~ (hiding).
 36551 | Swamp:1  | 36551 ||| INVOKING Berserk.
 36745 | Swamp:1  | Noticed Donald
 36746 | Swamp:1  | 36746 ||| INVOKING Brothers in Arms.
 36749 | Swamp:1  | 36749 ||| INVOKING Berserk.
 36760 | Swamp:1  | Killed Donald
 37089 | Swamp:1  | 37089 ||| DROPPING ring of positive energy.
 37090 | Swamp:1  | 37090 ||| READING scroll labelled JABIRI JUGY ELE.
 37336 | Swamp:2  | 37336 ||| INVOKING Berserk.
 37338 | Swamp:2  | Noticed a thorn hunter
 37357 | Swamp:2  | Killed a thorn hunter
 37498 | Swamp:2  | 37498 ||| Stepping ~*~*~tactically~*~*~ (hiding).
 37499 | Swamp:2  | 37499 ||| Stepping ~*~*~tactically~*~*~ (hiding).
 37500 | Swamp:2  | 37500 ||| Stepping ~*~*~tactically~*~*~ (hiding).
 37675 | Swamp:2  | 37675 ||| Stepping ~*~*~tactically~*~*~ (hiding).
 37678 | Swamp:2  | 37678 ||| Stepping ~*~*~tactically~*~*~ (hiding).
 37870 | Swamp:2  | Noticed a thorn hunter
 37871 | Swamp:2  | 37871 ||| Stepping ~*~*~tactically~*~*~ (hiding).
 37874 | Swamp:2  | 37874 ||| INVOKING Berserk.
 37879 | Swamp:2  | Killed a thorn hunter
 37880 | Swamp:2  | Reached skill level 15 in Armour
 38267 | Swamp:3  | 38267 ||| STAIRDANCE
 38291 | Swamp:3  | 38291 ||| INVOKING Berserk.
 38321 | Swamp:3  | HP: 30/155 [alligator[a spriggan druid] (16)]
 38322 | Swamp:3  | 38322 ||| READING 12 scrolls of teleportation.
 38323 | Swamp:3  | 38323 ||| DRINKING 7 potions of heal wounds.
 38324 | Swamp:3  | 38324 ||| DRINKING 6 potions of heal wounds.
 38624 | Swamp:3  | 38624 ||| Stepping ~*~*~tactically~*~*~ (hiding).
 38628 | Swamp:3  | 38628 ||| INVOKING Berserk.
 38666 | Swamp:3  | 38666 ||| Stepping ~*~*~tactically~*~*~ (stealth).
 38672 | Swamp:3  | Reached XP level 17. HP: 161/161 MP: 14/14
 38796 | Swamp:3  | 38796 ||| READING scroll of enchant armour.
 38796 | Swamp:3  | 38796 ||| ENCHANTING +2 plate armour.
 38809 | Swamp:3  | 38809 ||| Stepping ~*~*~tactically~*~*~ (water).
 38870 | Swamp:3  | 38870 ||| INVOKING Berserk.
 38912 | Swamp:3  | 38912 ||| FLEEEEING.
 38913 | Swamp:3  | 38913 ||| FLEEEEING.
 39153 | Swamp:3  | 39153 ||| SWAPPING to +1 hand axe of flaming.
 39160 | Swamp:3  | 39160 ||| SWAPPING to +7 war axe of Fedhas's Grace
                  | {protect, rPois rF++ Str+5}.
 39438 | Swamp:3  | 39438 ||| PLANNING SNAKE:4
 39558 | Snake:4  | Entered Level 4 of the Snake Pit
 39611 | Snake:4  | Found Iggikh's Jewellery Boutique.
 39625 | Snake:4  | 39625 ||| Stepping ~*~*~tactically~*~*~ (hiding).
 39795 | Snake:4  | Found Ereaxeant's Jewellery Boutique.
 39796 | Snake:4  | Found Mistrepat's Book Emporium.
 39803 | Snake:4  | 39803 ||| SHOPLISTING ring "Novita Boohu" {rC+ rN+ Str+6
                  | Int+2} (817 gold, have 594).
 39803 | Snake:4  | 39803 ||| BUYING ring "Waekuaw" {rElec rC+ Will+ Dex-3
                  | SInv} (494 gold).
 39803 | Snake:4  | Bought the ring "Waekuaw" {rElec rC+ Will+ Dex-3 SInv} for
                  | 494 gold pieces
 39803 | Snake:4  | 39803 ||| SHOPLISTING ring of poison resistance (280 gold,
                  | have 100).
 39974 | Snake:4  | 39974 ||| Stepping ~*~*~tactically~*~*~ (hiding).
 40033 | Snake:4  | Reached skill level 18 in Fighting
 40034 | Snake:4  | 40034 ||| INVOKING Berserk.
 40049 | Snake:4  | 40049 ||| FLEEEEING.
 40052 | Snake:4  | 40052 ||| INVOKING Brothers in Arms.
 40053 | Snake:4  | 40053 ||| INVOKING Brothers in Arms.
 40201 | Snake:4  | 40201 ||| Stepping ~*~*~tactically~*~*~ (hiding).
 40362 | Snake:4  | 40362 ||| Stepping ~*~*~tactically~*~*~ (hiding).
 40366 | Snake:4  | 40366 ||| INVOKING Berserk.
 40445 | Snake:4  | 40445 ||| INVOKING Berserk.
 40462 | Snake:4  | 40462 ||| INVOKING Brothers in Arms.
 40741 | Snake:4  | Reached skill level 9 in Throwing
 40743 | Snake:4  | 40743 ||| INVOKING Berserk.
 41011 | Snake:4  | Got a serpentine rune of Zot
 41516 | Snake:4  | 41516 ||| Stepping ~*~*~tactically~*~*~ (hiding).
 41517 | Snake:4  | 41517 ||| Stepping ~*~*~tactically~*~*~ (hiding).
 41573 | Snake:4  | 41573 ||| INVOKING Berserk.
 41579 | Snake:4  | Received a gift from Trog
 41949 | Snake:4  | 41949 ||| PLANNING VAULTS:1-4
 41949 | Snake:4  | 41949 ||| UPGRADING to ring "Waekuaw" {rElec rC+ Will+
                  | Dex-3 SInv}.
 42259 | Vaults:1 | Entered Level 1 of the Vaults
 42386 | Vaults:1 | 42386 ||| Stepping ~*~*~tactically~*~*~ (hiding).
 42408 | Vaults:1 | 42408 ||| INVOKING Trog's Hand.
 42409 | Vaults:1 | 42409 ||| INVOKING Berserk.
 42633 | Vaults:1 | 42633 ||| Stepping ~*~*~tactically~*~*~ (hiding).
 42701 | Vaults:1 | 42701 ||| Stepping ~*~*~tactically~*~*~ (stealth).
 42734 | Vaults:1 | 42734 ||| INVOKING Brothers in Arms.
 42738 | Vaults:1 | 42738 ||| INVOKING Berserk.
 43032 | Vaults:1 | 43032 ||| INVOKING Trog's Hand.
 43053 | Vaults:1 | 43053 ||| INVOKING Trog's Hand.
 43054 | Vaults:1 | 43054 ||| Stepping ~*~*~tactically~*~*~ (hiding).
 43056 | Vaults:1 | 43056 ||| Stepping ~*~*~tactically~*~*~ (hiding).
 43060 | Vaults:1 | 43060 ||| INVOKING Brothers in Arms.
 43061 | Vaults:1 | 43061 ||| INVOKING Brothers in Arms.
 43062 | Vaults:1 | 43062 ||| INVOKING Berserk.
 43073 | Vaults:1 | Reached XP level 18. HP: 176/176 MP: 15/15
 43183 | Vaults:1 | 43183 ||| DROPPING +1 hand axe of flaming.
 43319 | Vaults:1 | 43319 ||| INVOKING Berserk.
 43322 | Abyss:2  | Cast into level 2 of the Abyss (a wizard)
 43378 | Abyss:2  | Noticed a tentacled monstrosity
 43379 | Abyss:2  | 43379 ||| Stepping ~*~*~tactically~*~*~ (stealth).
 43382 | Abyss:2  | 43382 ||| INVOKING Berserk.
 43387 | Abyss:2  | Killed a tentacled monstrosity
 43398 | Abyss:2  | 43398 ||| INVOKING Trog's Hand.
 43400 | Abyss:2  | Noticed a bone dragon
 43420 | Abyss:2  | Killed a bone dragon
 43432 | Abyss:2  | 43432 ||| INVOKING Trog's Hand.
 43448 | Abyss:2  | Noticed a profane servitor
 43481 | Abyss:2  | Killed a profane servitor
 43482 | Abyss:2  | 43482 ||| INVOKING Trog's Hand.
 43524 | Abyss:2  | 43524 ||| INVOKING Trog's Hand.
 43558 | Abyss:3  | 43558 ||| INVOKING Trog's Hand.
 43642 | Abyss:3  | 43642 ||| Stepping ~*~*~tactically~*~*~ (stealth).
 43646 | Abyss:3  | Noticed a bone dragon
 43651 | Abyss:3  | 43651 ||| Stepping ~*~*~tactically~*~*~ (stealth).
 43662 | Vaults:1 | Escaped the Abyss
 43663 | Vaults:1 | 43663 ||| INVOKING Berserk.
 43675 | Vaults:1 | Killed a bone dragon
 44025 | Vaults:1 | 44025 ||| READING scroll of enchant armour.
 44025 | Vaults:1 | 44025 ||| ENCHANTING +3 plate armour.
 44364 | Vaults:1 | Identified the +4 leather armour "Zufil" {Harm rPois Int+3}
 44468 | Vaults:2 | 44468 ||| Stepping ~*~*~tactically~*~*~ (hiding).
 44589 | Vaults:2 | 44589 ||| Stepping ~*~*~tactically~*~*~ (stealth).
 44694 | Vaults:2 | 44694 ||| Stepping ~*~*~tactically~*~*~ (stealth).
 44704 | Vaults:2 | Reached skill level 18 in Armour
 44757 | Vaults:2 | You fall into a shaft and drop 2 floors!
 44760 | Vaults:4 | 44760 ||| PLANNING BAZAAR
 44760 | Vaults:4 | 44760 ||| Stepping ~*~*~tactically~*~*~ (stealth).
 44766 | Vaults:4 | 44766 ||| Stepping ~*~*~tactically~*~*~ (stealth).
 44807 | Vaults:4 | Found Erow's Antique Armour Shop.
 44815 | Vaults:4 | 44815 ||| SHOPLISTING glowing plate armour (1170 gold, have
                  | 303).
 44815 | Vaults:4 | 44815 ||| SHOPLISTING glowing scarf (360 gold, have 303).
 44854 | Vaults:4 | 44854 ||| Stepping ~*~*~tactically~*~*~ (hiding).
 44873 | Vaults:4 | 44873 ||| INVOKING Trog's Hand.
 44877 | Vaults:4 | 44877 ||| INVOKING Berserk.
 44896 | Vaults:4 | Reached skill level 21 in Shields
 44921 | Vaults:4 | 44921 ||| INVOKING Brothers in Arms.
 44922 | Vaults:4 | 44922 ||| INVOKING Brothers in Arms.
 44925 | Vaults:4 | 44925 ||| INVOKING Brothers in Arms.
 44927 | Vaults:4 | 44927 ||| INVOKING Brothers in Arms.
 44928 | Vaults:4 | 44928 ||| INVOKING Brothers in Arms.
 44929 | Vaults:4 | 44929 ||| INVOKING Brothers in Arms.
 44929 | Vaults:4 | HP: 41/178 [vault warden/+4 war axe of freezing (6)]
 44930 | Vaults:4 | 44930 ||| READING 12 scrolls of teleportation.
 44930 | Vaults:4 | HP: 19/178 [ironbound frostheart/creeping frost[a vault
                  | warden] (21)]
 44931 | Vaults:4 | 44931 ||| DRINKING 5 potions of heal wounds.
 44932 | Vaults:4 | 44932 ||| DRINKING 4 potions of heal wounds.
 44933 | Vaults:4 | 44933 ||| DRINKING 3 potions of heal wounds.
 44996 | Vaults:4 | 44996 ||| Stepping ~*~*~tactically~*~*~ (stealth).
 45036 | Vaults:4 | 45036 ||| INVOKING Berserk.
 45082 | Vaults:4 | 45082 ||| Stepping ~*~*~tactically~*~*~ (hiding).
 45154 | Vaults:4 | 45154 ||| Stepping ~*~*~tactically~*~*~ (stealth).
 45305 | Vaults:4 | 45305 ||| Stepping ~*~*~tactically~*~*~ (hiding).
 45395 | Vaults:4 | 45395 ||| FLEEEEING.
 45396 | Vaults:4 | 45396 ||| FLEEEEING.
 45399 | Vaults:4 | 45399 ||| FLEEEEING.
 45400 | Vaults:4 | 45400 ||| FLEEEEING.
 45401 | Vaults:4 | 45401 ||| FLEEEEING.
 45586 | Vaults:4 | Found a flickering gateway to a bazaar.
 45596 | Bazaar   | Entered a bazaar
 45600 | Bazaar   | Found Ziem's Antique Armour Emporium.
 45611 | Bazaar   | Found Ceuntetegg's Magic Scroll Shop.
 45619 | Bazaar   | 45619 ||| BUYING scroll of enchant armour (75 gold).
 45619 | Bazaar   | Bought a scroll of enchant armour for 75 gold pieces
 45619 | Bazaar   | 45619 ||| BUYING scroll of enchant weapon (75 gold).
 45619 | Bazaar   | Bought a scroll of enchant weapon for 75 gold pieces
 45619 | Bazaar   | 45619 ||| BUYING scroll of teleportation (30 gold).
 45619 | Bazaar   | Bought a scroll of teleportation for 30 gold pieces
 45619 | Bazaar   | 45619 ||| READING scroll of enchant armour.
 45619 | Bazaar   | 45619 ||| ENCHANTING +4 plate armour.
 45620 | Bazaar   | Found Qexair's General Store.
 45631 | Bazaar   | Found Ciulil's Antique Weapon Emporium.
 45642 | Bazaar   | Found Zedgh's Jewellery Boutique.
 45666 | Vaults:4 | 45666 ||| PLANNING VAULTS:1-4
 45723 | Vaults:3 | 45723 ||| PLANNING BAZAAR
 45726 | Vaults:3 | 45726 ||| Stepping ~*~*~tactically~*~*~ (hiding).
 45734 | Vaults:3 | 45734 ||| Stepping ~*~*~tactically~*~*~ (hiding).
 45744 | Vaults:3 | Reached skill level 21 in Fighting
 45754 | Vaults:3 | Received a gift from Trog
 45913 | Vaults:3 | 45913 ||| DROPPING +4 antimagic broad axe.
 46072 | Vaults:3 | Found a staircase to the Crypt.
 46072 | Vaults:3 | Found a basalt altar of Yredelemnul.
 46073 | Vaults:3 | Found an ancient bone altar of Kikubaaqudgha.
 46378 | Vaults:3 | Found a flickering gateway to a bazaar.
 46379 | Vaults:3 | 46379 ||| READING scroll labelled SEIDIA DEUBBA.
 46384 | Vaults:3 | 46384 ||| INVOKING Trog's Hand.
 46398 | Bazaar   | Entered a bazaar
 46441 | Bazaar   | Found Opnet's Book Emporium.
 46498 | Bazaar   | Found Usie's General Store.
 46502 | Bazaar   | 46502 ||| BUYING 2 potions of heal wounds (120 gold).
 46502 | Bazaar   | Bought 2 potions of heal wounds for 120 gold pieces
 46502 | Bazaar   | 46502 ||| BUYING scroll of brand weapon (114 gold).
 46502 | Bazaar   | Bought a scroll of brand weapon for 114 gold pieces
 46511 | Bazaar   | Found Anioclack's Book Emporium.
 46541 | Vaults:3 | 46541 ||| PLANNING VAULTS:1-4
 46578 | Vaults:2 | 46578 ||| INVOKING Trog's Hand.
 46612 | Vaults:2 | 46612 ||| INVOKING Berserk.
 46652 | Vaults:2 | 46652 ||| INVOKING Brothers in Arms.
 46656 | Vaults:2 | HP: 38/182 [deep troll[an ironbound preserver] (27)]
 46656 | Vaults:2 | HP: 17/182 [deep troll[an ironbound preserver] (19)]
 46657 | Vaults:2 | 46657 ||| READING 12 scrolls of teleportation.
 46657 | Vaults:2 | HP: 7/182 [deep troll[an ironbound preserver] (11)]
 46657 | Vaults:2 | HP: 3/182 [deep troll[an ironbound preserver] (4)]
 46657 | Vaults:2 | Annihilated by a dire elephant

Levels and vault maps discovered:
D:1:      dpeg_arrival_rhombus, layout_basic, hellmonk_ecumenical_altar_lost_god
D:2:      layout_basic, grunt_decor_one_mirror
D:3:      layout_basic, okawaru_altar_gauntlet_db, cheibrodos_sewer_entry_drain,
          grunt_ministairs_12, nicolae_concentric_dashed_squares_wild,
          minmay_fractal_squares_diagonal_5
D:4:      layout_basic, lemuel_coloured_pillars_altar, uniq_menkaure
D:5:      layout_cave_pools, marbit_many_paths, serial_shops, shop_fountains,
          uniq_ijyb
D:6:      layout_basic, minmay_temple_entry_enclosed_plants, kennysheep_boxes,
          uniq_blork_the_orc
D:7:      layout_basic, gammafunk_ghost_gnarly_gnolls,
          chequers_serial_rivers_room_a
D:8:      layout_cave_pods, lemuel_tele_altar, nicolae_overflow_crystal_walls
D:9:      layout_roguey, uniq_prince_ribbit1
D:10:     layout_cave_pods, serial_shops, shop
D:11:     layout_basic, erik_lair_dragon, zombieorc2_lemuel, minivault_25,
          uniq_lodul
D:12:     layout_stronghold, nicolae_shop_dragon_depot
D:13:     layout_basic, uniq_erolcha
D:14:     layout_rooms, lightli_vaults_fourway_checkpoint, grunt_qazlal_clouds
D:15:     grunt_enter_depths_giant_problem, layout_irregular_city,
          portal_ice_cave_entry_frozen_things
Lair:1:   layout_misc_corridors, chequers_serial_rivers_small_3,
          serial_bayou_shore_a
Lair:2:   minmay_lair_oklob_chamber, layout_cave_pods, serial_bayou_shore_b,
          lemuel_fruit_tree, serial_bayou_shore_b, grunt_megastairs_5,
          uniq_harold
Lair:3:   layout_regular_city, swamp_mist, minmay_snake_entry_six_corridors,
          grunt_megastairs_4
Lair:4:   layout_roguey, gammafunk_ghost_grave, uniq_snorg, uniq_nessos
Lair:5:   due_jungle_book, layout_loops_ring, slime_entry_1,
          infiniplex_staircase_pool, uniq_josephine
Swamp:1:  layout_basic_swamp, evilmike_swamp_ruin_house_3, swamp_pool4,
          hangedman_swamp_pad, uniq_donald
Swamp:2:  cheibrodos_swamp_tower_of_moss, layout_basic_swamp, serial_swamp_ruin,
          evilmike_swamp_ruin_rubble_1, evilmike_swamp_ruin_house_4
Swamp:3:  layout_falls_marsh, evilmike_swamp_ruin_house_2, swamp_pool4,
          nicolae_swamp_snake_nest
Snake:1:  layout_cave_shapes, serial_shops, bzr_entry_road,
          nicolae_shop_gadgets, grunt_megastairs_2, minmay_shoptagon, uniq_agnes
Snake:2:  layout_rooms, nicolae_elevator_lobby_plus, uniq_aizul
Snake:3:  layout_honeycomb, gammafunk_ghost_grave, nicolae_snake_dead_anacondas
Snake:4:  snake_pit_salamanders_mu, layout_layer_cave, minmay_shop_grove
Orc:1:    layout_caves
Orc:2:    grunt_orc_tribal_feast, layout_caves
Vaults:1: v_misc_23, hangedman_vaults_maws, grunt_vaults_hallway_long,
          vaults_dpeg_ring, ontoclasm_vaults_misaligned, grunt_vaults_funnel,
          nicolae_vaults_stairing_the_circle, nicolae_vaults_asterisk,
          grunt_vaults_hallway_short, ontoclasm_vaults_ring_large, st_lattice,
          ontoclasm_vaults_twist, nicolae_vaults_rhombus_7,
          ontoclasm_vaults_shuriken, v_misc_23, layout_vaults_omnicross
Vaults:2: gammafunk_sealed_arena, vaults_room_fours, nicolae_vaults_alarming,
          hangedman_vaults_slice, v_misc_26, ontoclasm_vaults_hangar, v_misc_17,
          hangedman_vaults_slice, v_alt_pattern_4, vaults_room_pools, v_misc_26,
          layout_vaults_omnibox
Vaults:3: nicolae_vaults_ring_of_whatevers, vaults_room_door_hall,
          minmay_crypt_entry_necro_gods, vaults_dpeg_encased_lava,
          nicolae_vaults_what_the_h, nicolae_vaults_sealed_display,
          nicolae_vaults_murderbox, ontoclasm_vaults_ring_small,
          ontoclasm_vaults_decontamination, layout_vaults_omnigrid,
          serial_shops, bzr_entry_water
Vaults:4: hangedman_vaults_river_flow, nicolae_vaults_windows_and_doors_thing,
          ontoclasm_vaults_spin, vaults_room_octagon, vaults_dpeg_hooks,
          serial_ice_b, nicolae_vaults_c_with_doors,
          nicolae_vaults_yaktaur_gun_rack, vaults_dpeg_diagonal,
          layout_vaults_ring, serial_shops, bzr_entry_lakeside,
          nicolae_shop_behind_doors, nicolae_shop_hallway_stairs, shop

Skill      XL: |  1  2  3  4  5  6  7  8  9 10 11 12 13 14 15 16 17 18 |
---------------+-------------------------------------------------------+-----
Axes           | 4 5 6 7 9 10 12 14 16 18 | 18.0
Fighting       | 4 5 6 8 9 10 13 15 17 19 21 | 21.0
Dodging        | 3 4 5 7 9 10 | 10.2
Armour         | 3 4 5 7 8 10 13 14 15 17 19 | 19.0
Throwing       | 3 4 5 6 7 8 9 |  9.0
Shields        | 7 15 19 20 21 | 21.0

Action                   |  1- 3 |  4- 6 |  7- 9 | 10-12 | 13-15 | 16-18 || total
-------------------------+-------+-------+-------+-------+-------+-------++-------
Melee: Hand axe          |    74 |   149 |   179 |    12 |    56 |     4 ||   474
       Headbutt          |     7 |    26 |    47 |    86 |   253 |   334 ||   753
       Punch             |       |     2 |     3 |     7 |     8 |       ||    20
       War axe           |       |       |    44 |    61 |   420 |  1264 ||  1789
       Broad axe         |       |       |       |   345 |   411 |       ||   756
       Unarmed           |       |       |       |       |       |     4 ||     4
Throw: Boomerang         |       |       |    19 |    30 |   101 |    70 ||   220
       Javelin           |       |       |    33 |    69 |    48 |    20 ||   170
Invok: Berserk           |     1 |     5 |    15 |    20 |    37 |    27 ||   105
       Brothers in Arms  |       |       |       |     4 |     6 |    10 ||    20
       Trog's Hand       |       |       |       |       |    12 |    12 ||    24
  Use: Scroll            |     2 |     6 |    10 |     5 |     6 |    10 ||    39
       Potion            |       |     6 |     2 |     2 |     3 |     6 ||    19
 Stab: Distracted        |     1 |       |       |       |       |     1 ||     2
Armor: Animal skin       |    14 |     1 |       |       |       |       ||    15
       Scale mail        |       |    24 |     4 |       |       |       ||    28
       Chain mail        |       |       |    59 |    17 |       |       ||    76
       Plate armour      |       |       |       |   133 |   272 |   409 ||   814
Dodge: Dodged            |    31 |    67 |   118 |   230 |   420 |   469 ||  1335
       Repelled          |       |       |       |       |     9 |    20 ||    29
Block: Other             |       |       |       |     4 |    70 |       ||    74
       Reflection        |       |       |       |       |    33 |   105 ||   138
       Kite shield       |       |       |       |       |   328 |     6 ||   334
       Tower shield      |       |       |       |       |       |  1501 ||  1501

Table legend:
 A = Non-vault XP
 B = Vault XP
 C = Vault XP percentage of total XP
 D = Non-vault monster count
 E = Vault monster count
 F = Vault count percentage of total count
                 A         B        C        D         E       F
            +---------+---------+-------+---------+---------+-------
      Total |  242058 |  132550 |  35.4 |     760 |     316 |  29.4
            +---------+---------+-------+---------+---------+-------
        D:1 |      35 |       0 |   0.0 |      20 |       0 |   0.0
        D:2 |      74 |       0 |   0.0 |      15 |       0 |   0.0
        D:3 |      51 |     124 |  70.9 |      11 |      21 |  65.6
        D:4 |     408 |     211 |  34.1 |      27 |       2 |   6.9
        D:5 |     566 |      13 |   2.2 |      14 |       1 |   6.7
        D:6 |    1343 |      90 |   6.3 |      22 |       1 |   4.3
        D:7 |    1552 |       0 |   0.0 |      32 |       0 |   0.0
        D:8 |    1735 |       0 |   0.0 |      34 |       0 |   0.0
        D:9 |    1505 |     286 |  16.0 |      26 |       1 |   3.7
       D:10 |    2834 |       0 |   0.0 |      13 |       0 |   0.0
       D:11 |    3413 |    4167 |  55.0 |      17 |      51 |  75.0
       D:12 |    5038 |       0 |   0.0 |      20 |       0 |   0.0
       D:13 |    3276 |     848 |  20.6 |      12 |       1 |   7.7
       D:14 |    3254 |    7513 |  69.8 |       7 |      12 |  63.2
       D:15 |    7513 |    2944 |  28.2 |      15 |       3 |  16.7
     Lair:1 |    4262 |       0 |   0.0 |      19 |       0 |   0.0
     Lair:2 |    9303 |    3347 |  26.5 |      40 |       7 |  14.9
     Lair:3 |    5578 |    3245 |  36.8 |      22 |      11 |  33.3
     Lair:4 |    9868 |    1725 |  14.9 |      29 |       2 |   6.5
     Lair:5 |   12127 |   14939 |  55.2 |      39 |      29 |  42.6
    Swamp:1 |    9893 |    1430 |  12.6 |      18 |       1 |   5.3
    Swamp:2 |    6257 |    1870 |  23.0 |      12 |       2 |  14.3
    Swamp:3 |   12498 |    1960 |  13.6 |      27 |       4 |  12.9
    Snake:1 |   26925 |    2482 |   8.4 |      53 |       3 |   5.4
    Snake:2 |   10393 |    1187 |  10.3 |      23 |       1 |   4.2
    Snake:3 |   13303 |    8915 |  40.1 |      27 |      17 |  38.6
    Snake:4 |    9680 |   31342 |  76.4 |      25 |      48 |  65.8
      Orc:1 |    1728 |       0 |   0.0 |      17 |       0 |   0.0
      Orc:2 |    3566 |    7492 |  67.8 |      29 |      30 |  50.8
   Vaults:1 |   24784 |   13307 |  34.9 |      30 |      21 |  41.2
   Vaults:2 |   15132 |    2796 |  15.6 |      19 |       5 |  20.8
   Vaults:3 |    1543 |   11996 |  88.6 |       2 |      18 |  90.0
   Vaults:4 |   17438 |    8264 |  32.2 |      26 |      14 |  35.0
    Abyss:2 |   13508 |       0 |   0.0 |      15 |       0 |   0.0
    Abyss:3 |    1675 |       0 |   0.0 |       3 |       0 |   0.0
      Sewer |       0 |      57 | 100.0 |       0 |      10 | 100.0
            +---------+---------+-------+---------+---------+-------
